Map: Ulrena

Players

Jhyrachy - Winner!

  • Race: Zerg Zerg
  • League: Gold

Derkoz

  • Race: Zerg Zerg
  • League: Gold

VOD

Have the link to the VOD?

Description

Time

  • Played on: April 8, 2016, 3:26 p.m.
  • Length: 12:28
Show
View Real Time Build Order
Export as new Build Order

Jhyrachy Zerg - Winner!

Build Orders: Pool First 

Get SALT Encoding   

  12  0:01  Drone  
  13  0:09  Drone  
  14  0:20  Extractor  
  13  0:22  Extractor  
  13  0:23  Drone x2  
  16  0:37  Spawning Pool  
  16  0:39  Extractor  
  14  0:45  Overlord  
  14  1:05  Drone x2  
  14  1:08  Drone  
  17  1:26  Queen  
  17  1:27  Zergling x4  
  21  1:39  Zergling x2  
  22  1:56  Hatchery, Metabolic Boost  
  20  2:39  Zergling x2  
  20  2:41  Overlord x2  
  21  2:59  Queen  
  21  3:02  Zergling x6  
  26  3:19  Queen  
  25  3:39  Zergling x2  
  25  3:40  Zergling x12  
  32  3:49  Drone  
  32  3:53  Spine Crawler  
  29  4:15  Zergling x2  
  29  4:16  Zergling x10  
  33  4:35  Zergling x10  
  34  4:49  Zergling x2  
  34  4:50  Zergling x6  
  27  5:41  Zergling x8  
  27  5:42  Zergling x12  
  34  6:21  Drone  
  34  6:22  Drone x9  
  32  6:53  Extractor  
  31  6:55  Drone x3  
  31  6:56  Drone x2  
  31  6:57  Drone  
  31  7:00  Drone x4  
  41  7:06  Zergling x2  
  42  7:13  Extractor  
  42  7:14  Extractor  
  40  7:20  Spore Crawler  
  39  7:31  Drone x3  
  39  7:32  Drone x2  
  39  7:34  Overlord x2  
  44  7:49  Overlord x2  
  44  7:50  Overlord  
  44  8:10  Lair  
  43  8:15  Spore Crawler  
  42  8:26  Spore Crawler  
  41  8:28  Queen  
  43  8:34  Zergling x2  
  43  8:37  Hatchery  
  43  8:49  Spore Crawler  
  41  9:17  Spire  
  40  9:38  Overlord x4  
  40  10:35  Mutalisk  
  40  10:36  Mutalisk x15  
  40  10:37  Mutalisk  
  74  11:00  Zergling x2  
  72  12:02  Mutalisk  
  72  12:03  Mutalisk x8  
Show
View Real Time Build Order
Export as new Build Order

Derkoz Zerg 

Build Orders: Pool First 

Get SALT Encoding   

  12  0:01  Drone  
  13  0:12  Overlord  
  13  0:18  Drone  
  14  0:36  Spawning Pool  
  14  0:39  Extractor  
  14  0:40  Drone  
  13  0:44  Drone  
  13  0:48  Drone  
  15  1:03  Drone  
  16  1:04  Drone  
  17  1:22  Zergling x2  
  18  1:29  Zergling x2  
  18  1:30  Queen  
  21  1:41  Zergling x2  
  22  1:55  Baneling Nest  
  22  1:58  Metabolic Boost  
  21  2:01  Zergling x2  
  22  2:16  Overlord x2  
  22  2:32  Spine Crawler  
  22  2:35  Zergling x4  
  23  2:39  Zergling x2  
  23  2:41  Lair  
  23  2:43  Drone  
  25  2:48  Drone  
  26  2:52  Zergling x2  
  27  3:01  Drone  
  27  3:04  Baneling x2  
  27  3:05  Baneling  
  27  3:29  Zergling x4  
  27  3:30  Zergling x2  
  30  3:42  Overlord x3  
  29  3:56  Baneling x3  
  29  3:57  Zergling x2  
  29  4:01  Extractor  
  29  4:14  Roach Warren  
  27  4:33  Drone x2  
  25  4:42  Zergling x8  
  26  4:59  Roach  
  28  5:03  Hatchery  
  28  5:04  Roach  
  28  5:05  Roach  
  31  5:13  Zergling x2  
  31  5:14  Zergling x2  
  32  5:15  Baneling  
  27  5:36  Drone  
  27  5:42  Queen  
  30  5:53  Hatchery  
  29  5:58  Drone x2  
  29  6:01  Glial Reconstitution  
  31  6:11  Zergling x6  
  25  6:12  Zergling x2  
  27  6:28  Zergling x2  
  27  6:29  Zergling x2  
  29  6:38  Zergling x2  
  16  6:53  Zergling x2  
  17  6:55  Queen  
  17  7:00  Baneling  
  19  7:01  Baneling  
  19  7:05  Baneling  
  19  7:09  Baneling  
  19  7:13  Baneling x2  
  19  7:24  Drone  
  19  7:25  Drone  
  21  7:37  Centrifical Hooks  
  21  7:43  Drone  
  22  8:01  Drone  
  22  8:02  Drone x2  
  25  8:08  Overlord  
  24  8:23  Drone x2  
  24  8:25  Drone  
  27  8:34  Roach  
  29  8:41  Overseer x2  
  29  8:56  Roach x3  
  35  9:08  Baneling, Zergling x4  
  36  9:31  Overlord  
  36  9:32  Overlord  
  36  9:47  Hatchery  
  35  9:54  Roach x2  
  39  10:02  Evolution Chamber  
  38  10:29  Zergling x10  
  38  10:30  Roach  
  45  10:49  Roach x2  
  49  10:53  Drone  
  50  10:59  Drone  
  51  11:08  Drone x2  
  48  11:29  Hydralisk Den  
  44  11:50  Drone x3  
  44  11:52  Queen  
Tags
 
Add a new tag
Caveats
  • Supply blocks, unpowered buildings, or Contaminate may cause inaccurate times.
  • Supply counts are checked every 10 seconds.